 Dungeon Crawl Stone Soup version 0.28-a0-980-g3664467d6e (webtiles) character file.

Game seed: 1874442305159773695

32 KyoPewz the Firebug (level 3, -3/19 HPs)
             Began as a Deep Elf Fire Elementalist on Dec 2, 2021.
             Slain by a gnoll (5 damage)
             ... on level 1 of the Dungeon.
             The game lasted 00:07:14 (1568 turns).

KyoPewz the Firebug (Deep Elf Fire Elementalist)    Turns: 1568, Time: 00:07:15

Health: -3/19      AC:  2    Str:  5    XL:     3   Next: 8%
Magic:  9/9        EV: 12    Int: 21    God:
Gold:   38         SH:  0    Dex: 15    Spells: 2/8 levels left

rFire   . . .      SeeInvis .   j - +0 dagger {short}
rCold   . . .      Faith    .   (no shield)
rNeg    . . .      Spirit   .   a - +0 robe
rPois   .          Reflect  .   (no helmet)
rElec   .          Harm     .   (no cloak)
rCorr   .          Rampage  .   (no gloves)
Will    .....                   (no boots)
Stlth   ++........              (no amulet)
HPRegen 0.06/turn               (no ring)
MPRegen 0.11/turn               (no ring)

@: about to teleport
A: no striking features
a: no special abilities


You were on level 1 of the Dungeon.
You visited 1 branch of the dungeon, and saw 2 of its levels.

You collected 38 gold pieces.


   Skills:
 - Level 2.4 Dodging
 - Level 2.4 Stealth
 - Level 3.0 Spellcasting
 + Level 2.1 Conjurations
 * Level 4.3 Fire Magic


You had 2 spell levels left.
You knew the following spells:

 Your Spells              Type           Power      Damage    Failure   Level
a - Foxfire               Conj/Fire      64%        2x1d7     3%          1
b - Scorch                Fire           42%        2d7       3%          2
c - Conjure Flame         Conj/Fire      16%        6-21      11%         3

Your spell library contained the following spells:

 Spells                   Type           Power      Damage    Failure   Level
 Apportation              Tloc           6%         N/A       13%         1
 Inner Flame              Hex/Fire       12%        N/A       17%         3
 Flame Wave               Conj/Fire      16%        2d5       34%         4
 Alistair's Intoxication  Tmut/Pois      2%         N/A       98%         5

Inventory:

Hand Weapons
 b - a +0 club {mace}
   (You took it off a kobold on level 1 of the Dungeon)
 c - a +0 whip {mace}
   (You took it off a kobold on level 1 of the Dungeon)
 j - a +0 dagger (weapon) {short}
   (You took it off a goblin on level 1 of the Dungeon)
Missiles
 d - 16 sling bullets
 e - 20 arrows
 f - 44 stones {throwing}
Armour
 a - a +0 robe (worn)
Jewellery
 l - a ring of poison resistance
   (You found it on level 1 of the Dungeon)
Scrolls
 k - a scroll of vulnerability {unknown}
Potions
 g - a potion of haste {unknown}
 i - a potion of curing {unknown}

Dungeon Overview and Level Annotations

Branches:
Dungeon (2/15)

Altars:

##.#.#####..#
#....#####...## ##.##
#..# #.#...........##
###
#..###.#...##♣'♣##...
#......#.♣♣#.....#♣♣.
#..>.###.♣÷#..8..#÷♣.
####.# #.♣♣#.....#♣♣.
#.# #.♣P###'###P♣.
#g# #.♣P.P...PPP♣.
#@# #.♣♣♣P...♣.♣♣.
#g###..♣♣♣♣..♣♣♣..
#.......♣♣P.P♣♣...
#######..♣♣_♣♣...#
##..♣♣♣...##
##.....##.#
##..#####. ##.......
########


You could see 2 gnolls.


Message History

The adder hisses angrily. 😎 MP[-2]
You lost 2 mp, and now have 6/8 mp.
Casting: Scorch (safe; 4% risk of failure)
Confirm with . or Enter, or press ? or * to list all spells.
Flames lash the gnoll but do no damage.
The hobgoblin shouts!
The gnoll hits you from afar with a +0 halberd!
Ouch! That really hurt!
* * * LOW HITPOINT WARNING * * *
😨 HP[-11] MP[-2]
You take 11 damage, and now have 4/15 hp.
MASSIVE DAMAGE!! (PAUSE)
You lost 2 mp, and now have 4/8 mp.
The gnoll misses you.
You climb upwards.
There is a stone staircase leading down here.
You start resting. 😨 HP[+1] MP[+4]
Your mp is fully restored (8).
You start resting. 😎 HP[+10]
Your hp is fully restored (15).
There is a stone staircase leading down here.
You climb downwards.
The adder hisses angrily.
There is a stone staircase leading up here.
Casting: Scorch (safe; 4% risk of failure)
Confirm with . or Enter, or press ? or * to list all spells.
Flames lash the adder.
The adder's fire resistance burns away.
The adder closely misses you. 😎 MP[-2]
You lost 2 mp, and now have 6/8 mp.
Casting: Scorch (safe; 4% risk of failure)
Confirm with . or Enter, or press ? or * to list all spells.
Flames lash the adder.
The adder is burned terribly!
You kill the adder!
Your Conjurations skill increases to level 2!
You have reached level 3!
Your experience leads to an increase in your attributes!
Increase (S)trength, (I)ntelligence, or (D)exterity?
You feel clever. x2 😎 HP[+4] MP[-2]
You now have 19 max hp (+4).
Your hp is fully restored (19).
You lost 2 mp, and now have 4/9 mp.
You start resting.
A gnoll is nearby!
You conjure some foxfire! 😎 MP[-1]
You lost 1 mp, and now have 3/9 mp.
You miscast Foxfire.
You are very lightly contaminated with residual magic.
Nothing appears to happen.
The foxfire hits the gnoll. 😎 MP[-1]
You lost 1 mp, and now have 2/9 mp.
You conjure some foxfire!
The foxfire hits the gnoll. 😎 MP[-1]
You lost 1 mp, and now have 1/9 mp.
You conjure some foxfire!
The foxfire hits the gnoll. x2 😎 MP[-1]
You lost 1 mp, and now have 0/9 mp.
The foxfire hits the gnoll but does no damage. x2
Casting: Foxfire (safe; 3% risk of failure)
Confirm with . or Enter, or press ? or * to list all spells.
Okay, then.
You climb upwards.
There is a stone staircase leading down here. 😎 MP[+1]
You start resting.
Your magical contamination has completely faded away.
You start resting. 😎 MP[+8]
Your mp is fully restored (9).
This spell is extremely dangerous to cast!
Memorise Conjure Flame, consuming 3 spell levels and leaving 2?
You start memorising the spell.
You continue memorising. x3
You finish memorising.
Spell assigned to 'c'.
You climb downwards.
The gnoll barely misses you. The gnoll hits you with a +0 flail!
Ouch! That really hurt!
* * * LOW HITPOINT WARNING * * *
The gnoll hits you with a +0 whip.
* * * LOW HITPOINT WARNING * * *
There is a stone staircase leading up, spattered with blood here. 😨 HP[-14]
You take 14 damage, and now have 5/19 hp.
MASSIVE DAMAGE!! (PAUSE)
The gnoll barely misses you. The gnoll hits you with a +0 whip.
* * * LOW HITPOINT WARNING * * *
You climb upwards.
There is a stone staircase leading down here. 😱 HP[-4]
You take 4 damage, and now have 1/19 hp.
MASSIVE DAMAGE!! (PAUSE)
As you read the scroll labelled POMUEM PUK, it crumbles to dust.
You feel strangely unstable.
It was a scroll of teleportation.
The gnoll barely misses you. The gnoll closely misses you.
You hit the gnoll. The gnoll hits you with a +0 flail.
You die...

Skill      XL: |  1  2 |
---------------+-------+-----
Fire Magic     | 4 |  4.3
Conjurations   | 2 |  2.1
Dodging        | |  2.4
Stealth        | |  2.4
Spellcasting   | |  3.0

Action                   || total
-------------------------++-------
Melee: Club              ||     7
       Dagger            ||     2
 Cast: Foxfire           ||    30
       Scorch            ||     4
  Use: Scroll            ||     1
 Stab: Sleeping          ||     1
Armor: Robe              ||     2
Dodge: Dodged            ||    22

Levels and vault maps discovered:
D:1:      dpeg_arrival_court, layout_loops_ring,
          dilly_ecumenical_altar_fadedgnrine
D:2:      kennysheep_the_goblin_king, layout_rooms, basic_altar, uniq_jessica

Notes
Turn   | Place    | Note
-------+----------+-------------------------------------------
     0 | D:1      | KyoPewz the Deep Elf Fire Elementalist began the quest for
                  | the Orb.
     0 | D:1      | Reached XP level 1. HP: 10/10 MP: 6/6
     0 | D:1      | magus.rc [v1.9.6]
   145 | D:1      | You pick up a book of Party Tricks and begin reading...
   145 | D:1      | You add the spells Apportation and Alistair's Intoxication
                  | to your library.
   638 | D:1      | Reached XP level 2. HP: 15/15 MP: 8/8
   713 | D:1      | Found a faded altar of an unknown god.
   945 | D:1      | HP: 3/15 [gnoll (5)]
  1089 | D:1      | Reached skill level 4 in Fire Magic
  1251 | D:1      | Learned a level 2 spell: Scorch
  1480 | D:2      | Reached skill level 2 in Conjurations
  1480 | D:2      | Reached XP level 3. HP: 19/19 MP: 4/9
  1563 | D:1      | Learned a level 3 spell: Conjure Flame
  1565 | D:2      | HP: 1/19 [gnoll (4)]
  1568 | D:1      | Slain by a gnoll

Vanquished Creatures
  A gnoll (D:1)
  An adder (D:2)
  A giant cockroach (D:1)
  A goblin (D:1)
  3 ball pythons
  3 bats
  2 frilled lizards
  2 kobolds (D:1)
  3 rats
17 creatures vanquished.

Vanquished Creatures (others)
  47 foxfires
47 creatures vanquished.

Grand Total: 64 creatures vanquished

Table legend:
 A = Non-vault XP
 B = Vault XP
 C = Vault XP percentage of total XP
 D = Non-vault monster count
 E = Vault monster count
 F = Vault count percentage of total count
                 A         B        C        D         E       F
            +---------+---------+-------+---------+---------+-------
      Total |      46 |       0 |   0.0 |      17 |       0 |   0.0
            +---------+---------+-------+---------+---------+-------
        D:1 |      27 |       0 |   0.0 |      11 |       0 |   0.0
        D:2 |      19 |       0 |   0.0 |       6 |       0 |   0.0
            +---------+---------+-------+---------+---------+-------

Illustrated notes

Table legend:
 A = Kills in this place as a percentage of kills in entire the game.
 B = Kills by you in this place as a percentage of kills by you in the entire game.
 C = Kills by friends in this place as a percentage of kills by friends in the entire game.
 D = Other kills in this place as a percentage of other kills in the entire game.
 E = Experience gained in this place as a percentage of experience gained in the entire game.
 F = Experience gained in this place divided by the number of levels of this place that you have seen.
                   A       B       C       D       E      F
               +-------+-------+-------+-------+-------+----------------------
         Total | 100.0 | 100.0 |   N/A |   N/A | 100.0 |  23.0
       Dungeon | 100.0 | 100.0 |   N/A |   N/A | 100.0 |  23.0
               +-------+-------+-------+-------+-------+----------------------

Table legend: (Time is in decaauts)
 A = Elapsed time spent in this place.
 B = Non-inter-level travel time spent in this place.
 C = Inter-level travel time spent in this place.
 D = Time resting spent in this place.
 E = Time spent auto-exploring this place.
 F = Levels seen in this place.
 G = Mean time per level.
                   A        B        C        D        E       F      G
               +--------+--------+--------+--------+--------+-----+--------+
         Total |   1572 |   1520 |     52 |    413 |    825 |   2 |  786.0 |
       Dungeon |   1572 |   1520 |     52 |    413 |    825 |   2 |  786.0 |
               +--------+--------+--------+--------+--------+-----+--------+

Top non-repeatable levels by time:
     D:1: 1528 daAuts
     D:2: 43 daAuts
